Map: Eternal Empire LE

Players

Cambam

  • Race: Protoss Protoss
  • League: Diamond
  • Spawn Location: 7:00

BUIIII - Winner!

  • Race: Zerg Zerg
  • League: Master
  • Spawn Location: 1:00

VOD

Have the link to the VOD?

Description

Time

  • Played on: May 26, 2020, 6:47 p.m.
  • Length: 6:58
Show
View Real Time Build Order
Export as new Build Order

Cambam Protoss 

Build Orders: Blink Stalkers 

Get SALT Encoding   

  12  0:00  Probe  
  13  0:13  Probe  
  14  0:19  Pylon  
  14  0:25  Probe (Chrono Boost)  
  15  0:39  Probe (Chrono Boost)  
  15  0:40  Gateway  
  16  0:44  Probe (Chrono Boost)  
  17  0:50  Assimilator  
  18  0:57  Probe (Chrono Boost)  
  18  1:09  Probe (Chrono Boost)  
  19  1:14  Probe (Chrono Boost)  
  20  1:31  Cybernetics Core  
  20  1:39  Pylon  
  20  1:49  Nexus  
  20  1:53  Probe  
  21  2:03  Assimilator  
  21  2:05  Probe, Pylon  
  22  2:09  Warp Gate  
  22  2:18  Probe  
  23  2:23  Stalker  
  25  2:31  Probe  
  25  2:36  Twilight Council  
  26  2:44  Probe  
  27  2:56  Probe (Chrono Boost)  
  28  3:01  Probe (Chrono Boost)  
  29  3:07  Stalker  
  29  3:08  Probe (Chrono Boost)  
  29  3:11  Probe (Chrono Boost)  
  29  3:12  Gateway  
  33  3:15  Probe (Chrono Boost)  
  33  3:16  Probe (Chrono Boost)  
  35  3:26  Blink (Chrono Boost), Pylon  
  35  3:27  Probe  
  35  3:32  Probe  
  37  3:39  Probe  
  38  3:45  Probe  
  39  3:49  Assimilator  
  39  3:51  Probe  
  40  3:55  Robotics Facility  
  40  4:01  Probe  
  41  4:04  Stalker  
  41  4:06  Stalker  
  45  4:12  Probe  
  45  4:13  Probe  
  47  4:24  Probe  
  47  4:25  Gateway, Probe  
  47  4:27  Gateway  
  47  4:28  Gateway  
  49  4:32  Gateway  
  49  4:35  Pylon  
  49  4:39  Stalker  
  51  4:46  Warp Prism  
  53  5:02  Stalker  
  53  5:03  Stalker  
  57  5:07  Pylon  
  57  5:08  Pylon  
  57  5:10  Pylon  
  57  5:28  Stalker  
  57  5:29  Stalker x4  
  57  5:30  Stalker  
  69  5:48  Stalker x3  
  69  5:49  Stalker  
  77  5:52  Stalker  
  79  5:57  Pylon  
  79  6:13  Stalker x2  
  79  6:14  Stalker  
  77  6:21  Stalker x3  
  71  6:39  Stalker x2  
  61  6:40  Stalker  
Show
View Real Time Build Order
Export as new Build Order

BUIIII Zerg - Winner!

Build Orders: 3 Hatch before Pool 

Get SALT Encoding   

  12  0:00  Drone  
  13  0:12  Overlord  
  13  0:17  Drone  
  14  0:31  Drone x2  
  16  0:50  Hatchery  
  16  0:54  Drone  
  16  1:01  Drone  
  17  1:04  Drone  
  17  1:10  Drone  
  19  1:13  Extractor  
  18  1:22  Drone  
  19  1:33  Hatchery  
  18  1:43  Drone x2  
  20  1:53  Spawning Pool  
  19  1:59  Drone  
  20  2:02  Overlord  
  20  2:07  Drone  
  21  2:11  Drone  
  23  2:22  Drone  
  23  2:23  Drone  
  24  2:34  Drone  
  24  2:35  Drone  
  24  2:36  Overlord  
  26  2:39  Queen  
  26  2:41  Metabolic Boost  
  28  2:47  Queen  
  30  2:55  Queen  
  32  3:08  Drone x3  
  32  3:12  Drone x2  
  37  3:16  Drone  
  38  3:23  Queen  
  40  3:27  Drone x2, Overlord  
  40  3:32  Extractor, Roach Warren  
  40  3:33  Drone  
  40  3:34  Drone  
  42  3:41  Overlord  
  42  3:43  Overlord  
  42  3:45  Overlord  
  42  3:49  Drone  
  42  3:50  Drone  
  42  3:52  Drone  
  45  3:57  Lair  
  45  4:02  Drone  
  46  4:03  Drone  
  46  4:04  Drone  
  46  4:05  Drone  
  46  4:08  Drone x2  
  51  4:16  Overlord x2  
  51  4:21  Roach x2  
  55  4:25  Zergling x2  
  56  4:33  Overlord x2  
  56  4:36  Roach  
  56  4:37  Roach x2  
  62  4:41  Roach  
  62  4:42  Roach x2  
  62  4:44  Roach  
  70  4:52  Roach x3  
  78  4:53  Roach  
  78  5:05  Glial Reconstitution  
  79  5:07  Zergling x16  
  86  5:15  Extractor, Drone x3  
  86  5:16  Drone  
  86  5:17  Roach x2  
  93  5:33  Roach x2  
  93  5:35  Overlord x4  
  97  5:53  Overlord x2  
  97  5:55  Roach x7  
  111  6:07  Zergling x8  
  115  6:18  Zergling x20  
  105  6:33  Roach x3  
Tags
 
Add a new tag
Caveats
  • Supply blocks, unpowered buildings, or Contaminate may cause inaccurate times.
  • Supply counts are checked every 10 seconds.